 Dungeon Crawl Stone Soup version 0.27.1-3-gb3d3a73c9e (webtiles) character file.

Game seed: 11440999375520066311

420 Urokeeper the Cudgeller (level 6, 0/56 HPs)
             Began as a Minotaur Berserker on Oct 26, 2021.
             Was a Believer of Trog.
             Slain by a jelly (2 damage)
             ... on level 5 of the Dungeon.
             The game lasted 00:09:44 (3008 turns).

Urokeeper the Cudgeller (Minotaur Berserker)        Turns: 3008, Time: 00:09:44

Health: 0/56       AC:  2    Str: 23    XL:     6   Next: 62%
Magic:  5/5        EV: 27    Int:  4    God:    Trog [**....]
Gold:   137        SH:  0    Dex: 10    Spells: 5/5 levels left

rFire    . . .     SeeInvis .   a - +0 mace
rCold    . . .     Faith    .   (no shield)
rNeg     . . .     Spirit   .   o - +3 leather armour
rPois    .         Reflect  .   (helmet restricted)
rElec    .         Harm     .   (no cloak)
rCorr    .         Rampage  .   (no gloves)
Will     .....                  (no boots)
Stlth    +.........             f - amulet of the acrobat
HPRegen  0.18/turn              (no ring)
MPRegen  0.09/turn              (no ring)

@: corroded, on berserk cooldown, acrobatic, slowed, very slow
A: horns 2, retaliatory headbutt
a: Renounce Religion, Berserk, Trog's Hand


You were on level 5 of the Dungeon.
You worshipped Trog.
Trog was pleased with you.
You visited 1 branch of the dungeon, and saw 5 of its levels.

You collected 137 gold pieces.

Inventory:

Hand Weapons
 a - a +0 mace (weapon)
 b - a +0 war axe
Armour
 o - a +3 leather armour (worn)
Jewellery
 f - an amulet of the acrobat (around neck)
Wands
 l - a wand of polymorph (9)
Scrolls
 c - 2 scrolls of identify {unknown}
 g - a scroll of immolation {unknown}
 j - a scroll of vulnerability {unknown}
 m - a scroll of noise {unknown}
 n - a scroll of blinking {unknown}
 p - a scroll of amnesia {unknown}
 q - a scroll of enchant armour {unknown}
Potions
 d - a potion of heal wounds {unknown}
 e - 2 potions of flight {unknown}
 h - 2 potions of haste {unknown}
 i - a potion of might {unknown}


   Skills:
 + Level 5.2 Fighting
 * Level 6.2 Maces & Flails
 + Level 4.3 Armour
 + Level 4.1 Dodging


You had 5 spell levels left.
You didn't know any spells.
Your spell library was empty.

Dungeon Overview and Level Annotations

Branches:
Dungeon (5/15)
 Temple: D:4-7

Altars:
Nemelex Xobeh

Shops:
D:3 (


Innate Abilities, Weirdness & Mutations

You have a pair of horns on your head.
You reflexively headbutt those who attack you in melee.


Message History

You are exhausted.
You feel yourself slow down. The gnoll barely misses you.
The gnoll completely misses you. The gnoll closely misses you.
Things that are here:
a +0 halberd; a gnoll corpse The gnoll completely misses you.
You furiously retaliate!
You headbutt the gnoll!
The gnoll hits you from afar with a +0 spear!
Things that are here:
a +0 whip; a +0 leather armour You hit the gnoll but do no damage.
The gnoll is heavily wounded.
The gnoll hits you with a +0 flail!
The gnoll hits you from afar with a +0 spear.
The gnoll barely misses you.
There is an escape hatch in the floor, spattered with blood here.
The gnoll hits you from afar with a +0 spear.
The gnoll hits you with a +0 flail.
You slide downwards.
The hatch slams shut behind you.
The hound barks!
As you read the scroll of torment, it crumbles to dust.
Your body is wracked with pain!
* * * LOW HITPOINT WARNING * * *
The jelly convulses!
The gnoll convulses!
The hound convulses!
The gnoll closely misses you. The jelly hits you.
* * * LOW HITPOINT WARNING * * *
You are splashed with acid!
* * * LOW HITPOINT WARNING * * *
The gnoll completely misses you.
You hit the gnoll.
You kill the gnoll!
Trog accepts your kill. The hound barely misses you. You furiously retaliate!
You headbutt the hound, but do no damage.
The jelly hits you but does no damage. The hound bites you.
* * * LOW HITPOINT WARNING * * *
The jelly hits you but does no damage. The hound completely misses you.
You furiously retaliate!
You headbutt the hound. The jelly hits you.
You die...

#.###
##...###
#..#... ##
##..... ..
#.....#.#
##.......#
#..#).#..#
##.#Jh...#
#....@#.....#
#.#...# .#.##
# ###.. ..
###. ## ##


You could see a hound and a jelly.

Vanquished Creatures
  2 ogres
  A gnoll shaman (D:4)
  A jelly (D:4)
  A bullfrog skeleton (D:3)
  Jessica (D:2)
  2 gnolls
  2 adders
  A river rat (D:3)
  A worm (D:3)
  4 dart slugs
  6 orcs (D:3)
  2 bats
  7 endoplasms
  5 giant cockroaches
  5 hobgoblins
  7 jackals
  5 kobolds (D:2)
  7 quokkas
  6 ball pythons
  4 goblins
  9 rats
79 creatures vanquished.

Notes
Turn   | Place    | Note
-------+----------+-------------------------------------------
     0 | D:1      | Urokeeper the Minotaur Berserker began the quest for the
                  | Orb.
     0 | D:1      | Reached XP level 1. HP: 19/19 MP: 0/0
    60 | D:1      | Reached XP level 2. HP: 26/27 MP: 1/1
   121 | D:1      | Reached skill level 4 in Maces & Flails
   659 | D:1      | Reached XP level 3. HP: 33/33 MP: 2/2
   880 | D:2      | Noticed Jessica
   888 | D:2      | Killed Jessica
  1003 | D:2      | Found a sparkling altar of Nemelex Xobeh.
  1232 | D:2      | Reached XP level 4. HP: 38/40 MP: 3/3
  1775 | D:3      | Reached skill level 5 in Maces & Flails
  1834 | D:3      | Reached ** piety under Trog
  1986 | D:3      | Found Icinoebb's Weapon Boutique.
  2262 | D:3      | Reached XP level 5. HP: 45/47 MP: 4/4
  2695 | D:4      | Noticed an ogre
  2703 | D:3      | Killed an ogre
  2843 | D:4      | Noticed an ogre
  2850 | D:4      | Killed an ogre
  2851 | D:4      | Reached skill level 5 in Fighting
  2851 | D:4      | Reached skill level 6 in Maces & Flails
  2851 | D:4      | Reached XP level 6. HP: 56/56 MP: 5/5
  3005 | D:5      | Entered Level 5 of the Dungeon
  3007 | D:5      | HP: 2/56 [hound (2)]
  3008 | D:5      | Slain by a jelly

Illustrated notes

Levels and vault maps discovered:
D:1:      lightli_arrival_lavapool, layout_basic
D:2:      layout_loops_ring, basic_altar, uniq_jessica
D:3:      layout_loops_ring, gup_sewer_entry_bubbles, serial_shops, shop
D:4:      layout_basic, uniq_pikel, uniq_menkaure
D:5:      minmay_skewed_foursquare, layout_basic, uniq_eustachio

Skill      XL: |  1  2  3  4  5  6 |
---------------+-------------------+-----
Maces & Flails | 4 5 6 |  6.2
Fighting       | 4 5 |  5.2
Armour         | 3 4 |  4.3
Dodging        | 3 4 |  4.1

Action                   |  1- 3 |  4- 6 || total
-------------------------+-------+-------++-------
Melee: Mace              |    54 |    85 ||   139
       Headbutt          |     4 |    15 ||    19
Invok: Berserk           |       |     3 ||     3
  Use: Scroll            |       |     2 ||     2
 Stab: Sleeping          |     1 |       ||     1
Armor: Animal skin       |     2 |       ||     2
       Ring mail         |     9 |    12 ||    21
       Leather armour    |       |     5 ||     5
Dodge: Dodged            |    36 |    65 ||   101
